Match 41543922
Unlisted

Match 41543922
End
Kettenkrad Recon Vehicle
Construct Infanterie Kompanie
Grenadier Squad
MG 42 Machine Gun Team
Grenadier Squad
Infanterie Officer Quarters
Sniper
Construct Panzergrenadier Kompanie
Pak 40 Anti-tank Gun Team
Selects Terror Battlegroup
Selects Interrogate
Pak 40 Anti-tank Gun Team
Support Elements
Nebelwerfer 42 Rocket Launcher Team
StuG III G Assault Gun
251 Medium Carrier
Panzergrenadier Officer Quarters
Side Skirts
Selects Propaganda Leaflet Drop
MG 42 Machine Gun Team
Panzergrenadier Squad
Pioneer Squad
Selects Propaganda Leaflet Drop
Selects Machine Gun Camouflage
Selects Defend the Fatherland
Selects King Tiger Heavy Tank
King Tiger Heavy Tank
KevinTDW
Hunter
Açucar Macabro
!!!!!!!!!!!!
0
0

Comments sign in to comment!

No comments posted yet!